 Dungeon Crawl Stone Soup version 0.27-a0-328-g7f782ed93a (webtiles) character file.

Game seed: 17909955990169950965

14 Borgoz the Skirmisher (level 2, 0/19 HPs)
             Began as a Gargoyle Berserker on Feb 11, 2021.
             Was a Follower of Trog.
             Slain by a jackal (2 damage)
             ... on level 1 of the Dungeon.
             The game lasted 00:00:20 (209 turns).

Borgoz the Skirmisher (Gargoyle Berserker)           Turns: 209, Time: 00:00:21

Health: 0/19       AC:  5    Str: 20    XL:     2   Next: 45%
Magic:  2/2        EV: 12    Int:  7    God:    Trog [*.....]
Gold:   4          SH:  0    Dex:  9    Spells: 1/1 levels left

rFire    . . .     SeeInvis .   a - +0 mace
rCold    . . .     Faith    .   (no shield)
rNeg     + . .     Spirit   .   b - +0 animal skin
rPois    ∞         Reflect  .   (no helmet)
rElec    +         Harm     .   (no cloak)
rCorr    .         Rampage  .   (no gloves)
Will     .....                  (no boots)
Stlth    +.........             (no amulet)
HPRegen  0.06/turn              (no ring)
MPRegen  0.08/turn              (no ring)

@: berserk cooldown, slowed, very slow
A: negative energy resistance 1, electricity resistance, unbreathing,
petrification resistance, miasma immunity, AC +2
a: Renounce Religion, Berserk


You were on level 1 of the Dungeon.
You worshipped Trog.
Trog was aware of your devotion.
You visited 1 branch of the dungeon, and saw 1 of its levels.

You collected 4 gold pieces.

Inventory:

Hand Weapons
 a - a +0 mace (weapon)
Armour
 b - a +0 animal skin (worn)
Scrolls
 c - a scroll of enchant armour {unknown}


   Skills:
 + Level 3.5 Fighting
 + Level 3.2 Maces & Flails
 + Level 2.5 Armour
 + Level 1.8 Dodging


You had one spell level left.
You didn't know any spells.
Your spell library was empty.

Dungeon Overview and Level Annotations

Branches:
Dungeon (1/15)

Altars:


Innate Abilities, Weirdness & Mutations

You are resistant to torment.
Your stone body is resilient. (AC +2)
You are immune to poison.
You resist negative energy. (rN+)
You are resistant to electric shocks. (rElec)
You can survive without breathing.
You are immune to petrification.
You are immune to miasma.


Message History

You barely miss the ooze.
The ooze is moderately wounded.
The giant cockroach closely misses you.
The jackal bites you but does no damage.
The ooze barely misses you. The giant cockroach bites you.
The jackal barely misses you. The ooze hits you but does no damage.
You hit the ooze but do no damage.
The ooze is moderately wounded.
The jackal bites you but does no damage.
The giant cockroach misses you. The jackal closely misses you.
The giant cockroach bites you. The ooze hits you but does no damage.
The jackal closely misses you.
You are too injured to fight recklessly!
You are too injured to fight recklessly!
You are too injured to fight recklessly!
You are too injured to fight recklessly!
You are too injured to fight recklessly!
The giant cockroach closely misses you.
You see here a +0 dagger.
The giant cockroach bites you.
You hit the giant cockroach but do no damage.
The giant cockroach bites you. The giant cockroach barely misses you.
You hit the giant cockroach.
You kill the giant cockroach!
Trog accepts your kill. The jackal bites you.
You barely miss the jackal. The jackal bites you.
* * * LOW HITPOINT WARNING * * *
The jackal closely misses you. The jackal misses you.
You closely miss the jackal. The jackal closely misses you.
The jackal bites you but does no damage.
You barely miss the jackal. The jackal closely misses you.
The jackal bites you but does no damage.
The jackal closely misses you.
You closely miss the jackal. The jackal bites you.
* * * LOW HITPOINT WARNING * * *
The jackal bites you.
* * * LOW HITPOINT WARNING * * *
The jackal bites you.
You die...

#.#
#.##.###........##.##.#
#.###.§#.#
........###.##.#
#.....§..#
.##.##.........#
##....§§..#
#.##..###.####
...§.≈§...# #.........#
...≈§≈§...# ####..#####
.≈§≈≈≈....# #..#
≈≈≈§§≈....##.#####..#
≈≈≈≈≈..........>@hJ.#
..≈≈≈......#######.##
..§≈§§.... #...)h..#
...≈≈≈≈... #.......#
..§≈≈≈≈ #......[#
..≈§§§§ ..........
≈§≈≈≈§≈ ≈≈......?.##
≈≈§§$.. ..........#
≈...... ..#(......#


You could see an ooze and a jackal.

Vanquished Creatures
  A leopard gecko (D:1)
  A bat (D:1)
  2 giant cockroaches (D:1)
  2 goblins (D:1)
  A hobgoblin (D:1)
  A jackal (D:1)
  2 kobolds (D:1)
10 creatures vanquished.

Notes
Turn   | Place    | Note
-------+----------+-------------------------------------------
     0 | D:1      | Borgoz the Gargoyle Berserker began the quest for the Orb.
     0 | D:1      | Reached XP level 1. HP: 14/14 MP: 1/1
   129 | D:1      | Reached XP level 2. HP: 16/19 MP: 2/2
   209 | D:1      | Slain by a jackal

Illustrated notes

Levels and vault maps discovered:
D:1:      onia_arrival_pentagram, layout_loops_corners,
          minmay_misc_feat_more_columns

Action                   || total
-------------------------++-------
Melee: Mace              ||    36
Invok: Berserk           ||     1
Armor: Animal skin       ||    33
Dodge: Dodged            ||    70

Table legend: (Time is in decaauts)
 A = Elapsed time spent in this place.
 B = Non-inter-level travel time spent in this place.
 C = Inter-level travel time spent in this place.
 D = Time resting spent in this place.
 E = Time spent auto-exploring this place.
 F = Levels seen in this place.
 G = Mean time per level.
                   A        B        C        D        E       F      G
               +--------+--------+--------+--------+--------+-----+--------+
         Total |    220 |    220 |      0 |      0 |    148 |   1 |  220.0 |
       Dungeon |    220 |    220 |      0 |      0 |    148 |   1 |  220.0 |
               +--------+--------+--------+--------+--------+-----+--------+

Top non-repeatable levels by time:
     D:1: 220 daAuts
